 Dungeon Crawl Stone Soup version 0.30-a0-1082-g70414cbcbb (webtiles) character file.

Game seed: 6590461071950071475

15 Lusmu the Caller (level 2, -2/15 HPs)
             Began as a Tengu Summoner on Apr 15, 2023.
             Slain by a cerulean imp
             ... wielding a +0 spear
             ... summoned by Natasha
              (3 damage)
             ... on level 2 of the Dungeon.
             The game lasted 00:04:27 (985 turns).

Lusmu the Caller (Tengu Summoner)                    Turns: 985, Time: 00:04:27

Health: -2/15      AC:  2    Str:  8    XL:     2   Next: 50%
Magic:  6/6        EV: 12    Int: 15    God:
Gold:   112        SH:  0    Dex: 14    Spells: 4/5 levels left

rFire   . . .      SeeInvis .    d - +0 spear
rCold   . . .      Faith    .    (no shield)
rNeg    . . .      Spirit   .    a - +0 robe
rPois   .          Reflect  .    (helmet restricted)
rElec   .          Rampage  .    (no cloak)
rCorr   .                        (no gloves)
Will    .....                    (boots unavailable)
Stlth   ++                       (no amulet)
HPRegen 0.22/turn                (no ring)
MPRegen 0.10/turn                (no ring)

@: no status effects
A: beak, talons 3
a: no special abilities


You were on level 2 of the Dungeon.
You visited 1 branch of the dungeon, and saw 2 of its levels.

You collected 112 gold pieces.

Inventory:

Hand Weapons
 d - a +0 spear (weapon)
Missiles
 k - a poisoned dart (quivered)
Armour
 a - a +0 robe (worn)
 e - a +0 ring mail of fire resistance
Magical Staves
 h - a staff of fire
Scrolls
 c - a scroll of brand weapon {unknown}
 i - 2 scrolls of fog {unknown}
 l - a scroll of blinking {unknown}
Potions
 b - 2 potions of magic
 f - a potion of degeneration {unknown}
 g - 2 potions of attraction {unknown}
 j - 2 potions of lignification {unknown}


   Skills:
 - Level 2.1 Dodging
 + Level 2.5 Stealth
 + Level 2.3 Spellcasting
 + Level 5.1 Summonings


You had 4 spell levels left.
You knew the following spells:

 Your Spells              Type           Power      Damage    Failure   Level
a - Summon Small Mammal   Summ           68%        N/A       2%          1

Your spell library contained the following spells:

 Spells                   Type           Power      Damage    Failure   Level
 Call Imp                 Summ           34%        N/A       4%          2
 Call Canine Familiar     Summ           17%        N/A       8%          3
 Summon Guardian Golem    Hex/Summ       9%         N/A       22%         3
 Summon Lightning Spire   Summ/Air       9%         N/A       58%         4


Dungeon Overview and Level Annotations

Branches:
Dungeon (2/15)

Altars:

Annotations:
D:2 Natasha


Innate Abilities, Weirdness & Mutations

You have a beak for a mouth.
You have claws for feet.


Message History

Your rat bites the frilled lizard.
The frilled lizard dies!
A dart slug comes into view.
You swap places.
Natasha claws your rat but does no damage.
Your rat barely misses Natasha.
Natasha looks more healthy.
Natasha closely misses your rat.
Your rat barely misses Natasha.
Natasha closely misses your rat.
Your rat misses Natasha. Natasha claws your rat!
Your rat dies!
Your rat's corpse disappears in a puff of smoke!
Throw: 5 darts (poison)
Press: ? - help, Q - select action, (/) - cycle Shift-Dir - straight line, f/p - Natasha
Aim: Natasha (severely wounded, 50% to hit)
You throw a poisoned dart. The poisoned dart hits Natasha.
Natasha is poisoned.
Natasha is severely wounded.
Natasha mumbles some strange words.
Natasha glows brightly for a moment.
Natasha mumbles some strange words.
Throw: 4 darts (poison)
Press: ? - help, Q - select action, (/) - cycle Shift-Dir - straight line, f/p - Natasha
Aim: Natasha (severely wounded, poisoned, 50% to hit)
You throw a poisoned dart.
The poisoned dart barely misses Natasha.
Throw: 3 darts (poison)
Press: ? - help, Q - select action, (/) - cycle Shift-Dir - straight line, f/p - Natasha
Aim: Natasha (severely wounded, poisoned, 50% to hit)
You throw a poisoned dart.
The poisoned dart closely misses Natasha.
Natasha looks more healthy.
Throw: 2 darts (poison)
Press: ? - help, Q - select action, (/) - cycle Shift-Dir - straight line, f/p - Natasha
Aim: Natasha (severely wounded, 50% to hit)
You throw a poisoned dart.
The poisoned dart closely misses Natasha.
Natasha claws you.
* * * LOW HITPOINT WARNING * * *
The cerulean imp hits you from afar with a +0 spear.
You die...

... ..# #.# . #.#
#. ### #.# #.# #..
#.# #..# #.# #.#
#..##.# ##<# #..#@#
#..###### ##.#h#
#.#.....# #..5(#
#.#.....# ##.5####
##.......#
#..(...###..#.....#
#.###...55w.###.###
.S.....h###(## #.#
###.####^.##.# #.#
# ##.##.# #.#


You could see Natasha, 2 cerulean imps and a ball python (asleep).

Vanquished Creatures
  An endoplasm (D:1)
  A hobgoblin (D:1)
  A quokka (D:1)
  3 bats (D:1)
  A frilled lizard (D:1)
  A goblin (D:1)
  2 rats (D:1)
10 creatures vanquished.

Vanquished Creatures (collateral kills)
  3 jackals (D:1)
  A frilled lizard (D:2)
  A kobold (D:1)
5 creatures vanquished.

Grand Total: 15 creatures vanquished

Notes
Turn   | Place    | Note
-------+----------+-------------------------------------------
     0 | D:1      | Lusmu the Tengu Summoner began the quest for the Orb.
     0 | D:1      | Reached XP level 1. HP: 10/10 MP: 4/4
   224 | D:1      | Reached skill level 5 in Summonings
   224 | D:1      | Reached XP level 2. HP: 15/15 MP: 6/6
   958 | D:2      | Noticed Natasha
   985 | D:2      | Slain by a cerulean imp

Illustrated notes

Levels and vault maps discovered:
D:1:      dpeg_chamrin_arrival_tetris, layout_loops_ring, dreamdust_wishing_well
D:2:      layout_rooms, ebering_ecumenical_altar_petrified, serial_shops,
          nicolae_shop_rolling_square, minmay_bisected, uniq_natasha,
          uniq_sigmund, uniq_crazy_yiuf_cottage

Skill      XL: |  1 |
---------------+----+-----
Summonings     | 5 |  5.1
Dodging        | |  2.1
Stealth        | |  2.5
Spellcasting   | |  2.3

Action                     || total
---------------------------++-------
  Melee: Spear             ||    36
         Peck              ||     4
         Punch             ||     1
         Kick              ||     1
  Throw: Dart              ||     5
   Cast: Summon Small Mamm ||     5
   Stab: Sleeping          ||     2
 Armour: Robe              ||     7
  Dodge: Dodged            ||    22

Table legend: (Time is in decaauts)
 A = Elapsed time spent in this place.
 B = Non-inter-level travel time spent in this place.
 C = Inter-level travel time spent in this place.
 D = Time resting spent in this place.
 E = Time spent auto-exploring this place.
 F = Levels seen in this place.
 G = Mean time per level.
                   A        B        C        D        E       F      G
               +--------+--------+--------+--------+--------+-----+--------+
         Total |    988 |    871 |    117 |     12 |    569 |   2 |  494.0 |
       Dungeon |    988 |    871 |    117 |     12 |    569 |   2 |  494.0 |
               +--------+--------+--------+--------+--------+-----+--------+

Top non-repeatable levels by time:
     D:1: 950 daAuts
     D:2: 37 daAuts
